 Dungeon Crawl Stone Soup version 0.31.0 (webtiles) character file.

Game seed: 13162280429391172075

399 ssalbiz the Cleaver (level 6, -3/76 HPs)
             Began as a Minotaur Berserker on Jan 20, 2024.
             Was a Believer of Trog.
             Slain by a gnoll
             ... wielding a +0 spear
              (7 damage)
             ... on level 4 of the Dungeon.
             The game lasted 00:05:54 (2504 turns).

ssalbiz the Cleaver (Minotaur Berserker)            Turns: 2504, Time: 00:05:55

Health: -3/76      AC:  4    Str: 23    XL:     6   Next: 53%
Magic:  5/5        EV: 12    Int:  4    God:    Trog [**....]
Gold:   195        SH:  0    Dex: 10    Spells: 5/5 levels left

rFire   . . .        t - +2 war axe (vamp)
rCold   . . .        (no shield)
rNeg    . . .        b - +0 animal skin
rPois   .            (helmet restricted)
rElec   .            q - +0 cloak
rCorr   .            (no gloves)
SInv    .            n - +0 pair of boots
Will    ++...        (no amulet) Stlth
                     (no ring)
HPRegen 1.32/turn    (no ring)
MPRegen 0.09/turn

%: no passive effects
@: berserking (expiring), weakened, strong-willed, regenerating, very quick
A: horns 2, retaliatory headbutt
a: Renounce Religion, Berserk, Trog's Hand


You were on level 4 of the Dungeon.
You worshipped Trog.
Trog was pleased with you.
You visited 1 branch of the dungeon, and saw 4 of its levels.

You collected 195 gold pieces.

Inventory:

Hand Weapons
 a - a +0 hand axe
 t - a +2 vampiric war axe (weapon)
Missiles
 i - 5 curare-tipped darts (quivered)
 l - 2 poisoned darts
Armour
 b - a +0 animal skin (worn)
 j - a +3 chain mail of poison resistance
 n - a +0 pair of boots (worn)
 q - a +0 cloak (worn)
Jewellery
 k - a ring of fire
 v - a ring of flight
 w - a ring of positive energy
Scrolls
 f - 5 scrolls of identify {unknown}
 o - a scroll of teleportation {unknown}
 p - a scroll of torment {unknown}
 r - a scroll of fear {unknown}
 u - a scroll of revelation {unknown}
 x - a scroll of blinking {unknown}
Potions
 c - 2 potions of attraction {unknown}
 d - a potion of curing {unknown}
 e - 2 potions of resistance {unknown}
 g - a potion of lignification {unknown}
 h - 2 potions of ambrosia {unknown}
 m - a potion of cancellation {unknown}
 s - 2 potions of enlightenment {unknown}
 z - a potion of might {unknown}


   Skills:
 - Level 3.6 Fighting
 + Level 9.0 Axes
 - Level 2.4 Armour
 - Level 2.1 Dodging


You had 5 spell levels left.
You didn't know any spells.
Your spell library was empty.

Dungeon Overview and Level Annotations

Branches:
Dungeon (4/15)
 Temple: D:4-7

Altars:
Fedhas
Kikubaaqudgha
Makhleb
Okawaru
Wu Jian

Annotations:
D:4 3 runed translucent doors, tdog's ghost, amateur SpBr


Innate Abilities, Weirdness & Mutations

You have a pair of horns on your head.
You reflexively headbutt those who attack you in melee.


Message History

Unknown command.
A red film seems to cover your vision as you go berserk!
You feel yourself moving faster!
You feel mighty!
The gnoll sergeant hits you from afar with a +0 trident.
The gnoll hits you from afar with a +0 spear!
The gnoll hits you from afar with a +0 halberd.
* * * LOW HITPOINT WARNING * * *
The gnoll hits you with a +0 whip.
* * * LOW HITPOINT WARNING * * *
You barely miss the gnoll. The gnoll completely misses you.
The gnoll sergeant hits you from afar with a +0 trident.
* * * LOW HITPOINT WARNING * * *
You slash the gnoll! You headbutt the gnoll!
You kill the gnoll!
Trog accepts your kill.
The gnoll hits you from afar with a +0 halberd.
* * * LOW HITPOINT WARNING * * *
The gnoll bouda barks out a call to the hunt!
The gnolls pick up the pace!
Your Axes skill increases to level 9!
The gnoll bouda is no longer moving quickly.
You feel a strong urge to attack something.
The gnoll sergeant barely misses you.
The gnoll hits you from afar with a +0 spear.
* * * LOW HITPOINT WARNING * * *
The gnoll hits you from afar with a +0 halberd.
* * * LOW HITPOINT WARNING * * *
You slash the gnoll sergeant!
You feel better.
Your headbutt misses the gnoll sergeant.
The gnoll sergeant is moderately wounded.
The gnoll bouda barks out a call to the hunt!
The gnoll bouda picks up the pace!
The gnoll sergeant hits you with a +0 trident.
* * * LOW HITPOINT WARNING * * *
Unknown command.
You hit the gnoll sergeant.
You feel better.
You headbutt the gnoll sergeant, but do no damage.
The gnoll sergeant is heavily wounded.
The gnoll hits you from afar with a +0 spear!
You die...

#############.###################
........)†.)......
~~~~~....~≈~≈~~~~~
≈~≈≈~....~~≈~≈≈~≈~
~~~≈~....~~~~≈~~~~
.............(....
#####''''######### #..gg#######
+..ogg@....+ #..go####### ##gg##
..... ......g. ......ggo..
.....).g...$ ######++#####


You could see a gnoll sergeant (swift), 2 gnoll boudas, 4 gnolls and 2 orcs.

Vanquished Creatures
  Sigmund (D:2)
  A gnoll bouda (D:4)
  Terence (D:2)
  Natasha (thrice) (D:2)
  2 adders
  5 gnolls
  4 orcs
  6 ball pythons
  4 bats
  2 endoplasms (D:2)
  4 goblins
  7 hobgoblins
  3 jackals (D:4)
  2 kobolds
  4 quokkas
  3 frilled lizards
  8 rats
60 creatures vanquished.

Notes
Turn   | Place    | Note
-------+----------+-------------------------------------------
     0 | D:1      | ssalbiz the Minotaur Berserker began the quest for the Orb.
     0 | D:1      | Reached XP level 1. HP: 19/19 MP: 0/0
    66 | D:1      | Reached skill level 4 in Axes
    82 | D:1      | Reached XP level 2. HP: 15/26 MP: 1/1
   483 | D:2      | Noticed Natasha
   491 | D:2      | Killed Natasha
   492 | D:2      | Reached skill level 5 in Axes
   492 | D:2      | Reached XP level 3. HP: 23/31 MP: 2/2
   526 | D:2      | Noticed Terence
   542 | D:2      | Killed Terence
   543 | D:2      | Reached skill level 6 in Axes
   543 | D:2      | Reached XP level 4. HP: 36/39 MP: 3/3
   644 | D:2      | Noticed Natasha
   650 | D:2      | Killed Natasha
   781 | D:2      | Reached ** piety under Trog
   782 | D:2      | Found an ancient bone altar of Kikubaaqudgha.
   833 | D:2      | Noticed Sigmund
   837 | D:2      | Killed Sigmund
   838 | D:2      | Reached skill level 8 in Axes
   838 | D:2      | Reached XP level 5. HP: 45/45 MP: 4/4
   870 | D:2      | Noticed Natasha
   880 | D:2      | Killed Natasha
   881 | D:2      | Reached XP level 6. HP: 36/51 MP: 5/5
  2119 | D:4      | Noticed tdog's ghost (amateur SpBr)
  2182 | D:4      | Found a runed translucent gate.
  2182 | D:4      | Found a runed translucent gate.
  2182 | D:4      | Found a runed translucent gate.
  2259 | D:4      | Found an iron altar of Okawaru.
  2264 | D:4      | Found a burning altar of Makhleb.
  2268 | D:4      | Found a blossoming altar of Fedhas.
  2269 | D:4      | Found an ornate altar of the Wu Jian Council.
  2501 | D:4      | Reached skill level 9 in Axes
  2503 | D:4      | HP: 2/76 [gnoll sergeant/+0 trident (6)]
  2504 | D:4      | Slain by a gnoll

Illustrated notes

Levels and vault maps discovered:
D:1:      eino_arrival_water_star, layout_rooms, solitary_fountain
D:2:      layout_rooms, basic_altar, uniq_natasha, uniq_sigmund, uniq_terence
D:3:      layout_basic, grunt_decor_junction, minivault_5
D:4:      lemuel_castle_with_subvaults [lemuel_castle_interior_original],
          layout_basic, mainiacjoe_overflow_alcove_3, gammafunk_ghost_split

Skill      XL: |  1  2  3  4  5  6 |
---------------+-------------------+-----
Axes           | 4 5 6 8 9 |  9.0
Fighting       | |  3.6
Armour         | |  2.4
Dodging        | |  2.1

Action                     |  1- 3 |  4- 6 || total
---------------------------+-------+-------++-------
  Melee: Hand axe          |    56 |    41 ||    97
         Headbutt          |     4 |    14 ||    18
         War axe           |       |    29 ||    29
  Throw: Dart              |     8 |     2 ||    10
 Invoke: Berserk           |     1 |     2 ||     3
         Trog's Hand       |       |     2 ||     2
 Armour: Animal skin       |    34 |    44 ||    78
  Dodge: Dodged            |    52 |    51 ||   103
